 Dungeon Crawl Stone Soup version 0.31-a0-1005-gfbdfbac (webtiles) character file.

Game seed: 15429910122898014843

4 Partyfoot the Trooper (level 1, -2/18 HPs)
             Began as a Demonspawn Fighter on Nov 11, 2023.
             Slain by a kobold
             ... wielding a +2 whip of electrocution
              (20 damage)
             ... on level 1 of the Dungeon.
             The game lasted 00:00:12 (50 turns).

Partyfoot the Trooper (Demonspawn Fighter)            Turns: 50, Time: 00:00:12

Health: -2/18      AC:  6    Str: 16    XL:     1   Next: 50%
Magic:  1/1        EV:  8    Int:  9    God:
Gold:   8          SH:  4    Dex: 12    Spells: 0/0 levels left

rFire   . . .        a - +0 trident
rCold   . . .        c - +0 buckler
rNeg    . . .        b - +0 scale mail
rPois   .            (no helmet)
rElec   .            (no cloak)
rCorr   .            (no gloves)
SInv    .            (no boots)
Will    .....        (no amulet) Stlth
                     (no ring)
HPRegen 0.23/turn    (no ring)
MPRegen 0.07/turn

%: no passive effects
@: no status effects
A: no striking features
a: no special abilities


You were on level 1 of the Dungeon.
You visited 1 branch of the dungeon, and saw 1 of its levels.

You collected 8 gold pieces.

Inventory:

Hand Weapons
 a - a +0 trident (weapon)
Armour
 b - a +0 scale mail (worn)
 c - a +0 buckler (worn)
Scrolls
 f - a scroll of identify {unknown}
Potions
 d - a potion of might
 e - a potion of brilliance {unknown}


   Skills:
 + Level 3.1 Fighting
 + Level 1.9 Polearms
 - Level 2.6 Armour
 + Level 2.7 Shields


You couldn't memorise any spells.
You didn't know any spells.
Your spell library was empty.

Dungeon Overview and Level Annotations

Branches:
Dungeon (1/15)

Altars:


Message History

Welcome, Partyfoot the Demonspawn Fighter.
The Orb of Zot is coveted for many reasons.
Will you seize it for your own?
Press ? for a list of commands and other information.
Found an emerald potion.
Found a staircase leading out of the dungeon.
e - an emerald potion A kobold comes into view.
It is wielding a +0 short sword.
Found a scroll labelled NOBIVV QUREDOY.
The kobold shouts!
A kobold is nearby!
The kobold throws a stone.
The stone barely misses you.
You hit the kobold.
You kill the kobold!
No target in view!
No target in view!
f - a scroll labelled NOBIVV QUREDOY A dart slug comes into view.
Found 18 gold pieces.
A dart slug is nearby!
You see here 8 gold pieces.
Found a stone staircase leading down.
You puncture the dart slug!
The dart slug is severely wounded.
The dart slug launches a dart at you.
The slug dart hits you but does no damage.
You hit the dart slug.
You kill the dart slug!
No target in view!
You now have 8 gold pieces.
A kobold comes into view.
It is wielding a +2 whip of electrocution.
The kobold shouts!
The kobold throws a stone.
The stone hits you but does no damage.
A kobold is nearby!
The kobold throws a stone.
The stone barely misses you.
You see here 18 gold pieces.
You barely miss the kobold. The kobold hits you but does no damage.
You are electrocuted!!
Ouch! That really hurt!
You die...

.#####.##.....#8.
#...............###
##........##..#.....
................###
###.................#
....#####..#.....###
##.###..# #..#........
........###
#..#........
......K@$.#
#..#........
##...##.#.#
#..#........
###.##.#.###..#...#.#.#
#..#.#..............#
#...#.###...........
#.........##....
#....###### ....
............... ...
.#.....###....# #.


You could see a kobold.

Vanquished Creatures
  A dart slug (D:1)
  A kobold (D:1)
2 creatures vanquished.

Notes
Turn   | Place    | Note
-------+----------+-------------------------------------------
     0 | D:1      | Partyfoot the Demonspawn Fighter began the quest for the
                  | Orb.
     0 | D:1      | Reached XP level 1. HP: 18/18 MP: 1/1
    50 | D:1      | Slain by a kobold

Illustrated notes

Levels and vault maps discovered:
D:1:      mrwooster_arrival_statue_2, layout_basic

Action                     || total
---------------------------++-------
  Melee: Trident           ||     4
 Armour: Scale mail        ||     3
  Dodge: Dodged            ||     2

Table legend: (Time is in decaauts)
 A = Elapsed time spent in this place.
 B = Non-inter-level travel time spent in this place.
 C = Inter-level travel time spent in this place.
 D = Time resting spent in this place.
 E = Time spent auto-exploring this place.
 F = Levels seen in this place.
 G = Mean time per level.
                   A        B        C        D        E       F      G
               +--------+--------+--------+--------+--------+-----+--------+
         Total |     50 |     50 |      0 |      0 |     34 |   1 |   50.0 |
       Dungeon |     50 |     50 |      0 |      0 |     34 |   1 |   50.0 |
               +--------+--------+--------+--------+--------+-----+--------+

Top non-repeatable levels by time:
     D:1: 50 daAuts
